 Dungeon Crawl Stone Soup version 0.30-a0-743-gbfdf073 (webtiles) character file.

Game seed: 5558111767658599530

6753 McFuzz the Spear-Bearer (level 11, -2/150 HPs)
             Began as a Naga Fighter on Feb 8, 2023.
             Was an Elder of Okawaru.
             Slain by an orc knight
             ... wielding a +0 war axe
              (20 damage)
             ... in a bailey.
             The game lasted 00:23:15 (8731 turns).

McFuzz the Spear-Bearer (Naga Fighter)              Turns: 8731, Time: 00:23:15

Health: -2/150     AC: 12    Str: 24    XL:     11   Next: 4%
Magic:  0/11       EV:  8    Int: 18    God:    Okawaru [****..]
Gold:   583        SH:  9    Dex: 12    Spells: 10/10 levels left

rFire   . . .      SeeInvis +    B - +5 trident (freeze)
rCold   . . .      Faith    .    n - +0 kite shield
rNeg    . . .      Spirit   +    z - +1 ring mail of Hangman {+Inv rCorr Int+4 Dex+2}
rPois   +          Reflect  .    (no helmet)
rElec   .          Harm     .    (no cloak)
rCorr   +          Rampage  .    y - +0 pair of gloves
Will    +....                    (no barding) Stlth
                                 o - amulet of guardian spirit
HPRegen 0.45/turn                d - +6 ring of intelligence
MPRegen 0.12/turn                (no ring)

@: mighty, berserking, quick
A: AC +3, large, see invisible, deformed body, poison resistance, slowness 2,
spit poison 1, naga tail 1, iridescent scales 1
a: Spit Poison, Renounce Religion, Evoke Invisibility, Heroism, Finesse


You were in a bailey.
You worshipped Okawaru.
Okawaru was greatly pleased with you.
You visited 1 branch of the dungeon, and saw 8 of its levels.
You also visited: Ossuary and Bailey.

You collected 687 gold pieces.
You spent 104 gold pieces at shops.

Inventory:

Hand Weapons
 a - a +1 trident
 c - the +10 falchion of Patience {freeze, rC+ rN++ Str-2 Int-2}
   (You found it on level 5 of the Dungeon)

   Str:       It affects your strength (-2).
   Int:       It affects your intelligence (-2).
   rC:        It protects you from cold.
   rN:        It greatly protects you from negative energy.
 B - a +5 trident of freezing (weapon)
 D - the +10 dagger "Uguroo" {speed, rCorr}
   (You found it on level 5 of the Dungeon)

   rCorr:     It protects you from acid and corrosion.
Missiles
 m - 4 throwing nets
Armour
 n - a +0 kite shield (worn)
 y - a +0 pair of gloves (worn)
 z - the +1 ring mail of Hangman (worn) {+Inv rCorr Int+4 Dex+2}
   (You found it on level 4 of the Dungeon)

   Int:       It affects your intelligence (+4).
   Dex:       It affects your dexterity (+2).
   +Inv:      It lets you turn invisible.
   rCorr:     It protects you from acid and corrosion.
Jewellery
 d - a +6 ring of intelligence (left hand)
 o - an amulet of guardian spirit (around neck)
 v - a ring of flight
Wands
 q - a wand of quicksilver (8)
 r - a wand of flame (14)
 u - a wand of roots (22)
Scrolls
 f - a scroll of immolation
 g - 3 scrolls of amnesia
 h - 3 scrolls of fog
 j - 2 scrolls of enchant armour
 G - a scroll of fear
 I - a scroll of silence
Potions
 b - a potion of mutation
 i - 3 potions of curing
 k - 2 potions of brilliance
 l - 3 potions of lignification
 p - 2 potions of attraction
 s - 2 potions of flight
 t - 4 potions of resistance
 C - a potion of degeneration
 H - a potion of invisibility


   Skills:
 + Level 7.4 Fighting
 + Level 11.0 Polearms
 + Level 6.8 Armour
 + Level 3.5 Dodging
 + Level 6.0 Shields


You had 10 spell levels left.
You didn't know any spells.
Your spell library contained the following spells:

 Spells                   Type           Power      Damage    Failure   Level
 Vhi's Electric Charge    Tloc/Air       0%         N/A       91%         3
 Fulminant Prism          Conj/Hex       0%         3d5       100%        4
 Arcjolt                  Conj/Air       0%         1d10      100%        5
 Borgnjor's Revivificati  Necr           0%         N/A       100%        8
 Lehudib's Crystal Spear  Conj/Erth      0%         10d2      100%        8
 Maxwell's Capacitive Co  Air            0%         ∞         100%        8


Dungeon Overview and Level Annotations

Branches:
Dungeon (8/15)             Temple (0/1) D:6            Lair (0/5) D:8
Ossuary (visited)          Bailey (1/1)

Altars:
Ashenzari
Cheibriados
Dithmenos
Elyvilon
Nemelex Xobeh
Okawaru
Trog
Xom

Shops:
D:2 !   D:7 [

Annotations:
D:7 2 transporters
D:8 Psyche


Innate Abilities, Weirdness & Mutations

Your serpentine skin is tough. (AC +3)
You have supernaturally acute eyesight. (SInv)
Armour fits poorly on your strangely shaped body.
Your system is resistant to poisons. (rPois)
You cover ground very slowly.
You can spit poison.
You have a snake-like lower body.
You are partially covered in iridescent scales. (AC +2)


Message History

The orc knight is almost dead.
You block the orc knight's attack.
The kobold brigand hits you but does no damage. x2
The orc knight roars a battlecry!
The orc knight goes into a battle-frenzy!
You hit the orc knight. You freeze the orc knight.
You kill the orc knight!
Okawaru accepts your kill.
Your base Polearms skill increases to level 11!
Your base Shields skill increases to level 6!
You have reached level 11!
You impale the kobold brigand!! You freeze the kobold brigand!
You kill the kobold brigand!
Okawaru accepts your kill.
The kobold brigand hits you with a +0 war axe.
* * * LOW HITPOINT WARNING * * *
You closely miss the kobold brigand.
You feel like a meek peon again.
You impale the kobold brigand!! You freeze the kobold brigand.
The kobold brigand is almost dead.
You have got your breath back.
The kobold brigand hits you with a +0 war axe.
* * * LOW HITPOINT WARNING * * *
You puncture the kobold brigand! You freeze the kobold brigand.
You kill the kobold brigand!
Okawaru accepts your kill.
The kobold brigand throws a curare-tipped dart.
You block the curare-tipped dart.
Okay, then.
You puncture the orc knight! You freeze the orc knight!
The orc knight is moderately wounded.
You closely miss the orc knight.
The orc knight is moderately wounded.
The orc knight closely misses you.
You hit the orc knight. You freeze the orc knight.
The orc knight is heavily wounded.
You barely miss the orc knight.
The orc knight is heavily wounded.
The orc knight hits you with a +0 war axe!!
You die...

###~~.......~~###.
...~~.......~~...
###~~.......~~###
##~.......~##
####'''####
##.....##
#∩.....∩#
#...8o).#
##..Ko@## ###K###
#... ......
........
..........
...........
.............


You could see an orc knight (strong), an orc warrior (strong) and 2 kobold
brigands.

Vanquished Creatures
  Pikel (D:6)
  An orc knight (Bailey)
  Joseph (D:7)
  Maggie (D:7)
  The ghost of Caterwaul the Slasher, an amateur HuMo (D:3)
  2 steam dragons
  A warg (D:8)
  2 water moccasins
  Menkaure (D:7)
  Edmund (D:6)
  6 orc warriors
  A sky beast (D:7)
  An ogre (D:5)
  A black bear (D:6)
  3 centaurs
  A lemure (D:6)
  9 kobold brigands
  5 bullfrogs
  15 scorpions
  6 killer bees (D:7)
  3 howler monkeys
  3 hounds
  2 jellies
  2 gnoll boudas (D:8)
  11 orc priests
  An iguana (D:5)
  Natasha (thrice) (D:3)
  5 orc wizards
  5 scorpion zombies (Ossuary)
  3 mummies (Ossuary)
  9 adders
  A shadow imp (D:6)
  A white imp (D:7)
  A worm (D:4)
  4 dart slugs
  25 orcs
  3 endoplasms
  3 gnoll zombies (Ossuary)
  5 hobgoblins
  A quokka (D:1)
  4 ball pythons (D:2)
  5 bats (D:2)
  2 frilled lizards
  5 goblins
  3 goblin zombies (Ossuary)
  2 hobgoblin zombies (Ossuary)
  33 kobolds
  3 kobold zombies (Ossuary)
  An orc zombie (Ossuary)
  4 rats
213 creatures vanquished.

Vanquished Creatures (others)
  A wizard (D:5)
  A plant (D:8)
  5 toadstools (D:1)
7 creatures vanquished.

Grand Total: 220 creatures vanquished

Notes
Turn   | Place    | Note
-------+----------+-------------------------------------------
     0 | D:1      | McFuzz the Naga Fighter began the quest for the Orb.
     0 | D:1      | Reached XP level 1. HP: 21/21 MP: 1/1
    78 | D:1      | Reached XP level 2. HP: 28/28 MP: 2/2
   759 | D:2      | Reached XP level 3. HP: 33/34 MP: 3/3
  1064 | D:2      | Found Borun's Distillery.
  1292 | D:2      | Reached XP level 4. HP: 20/42 MP: 4/4
  1687 | D:3      | Noticed Natasha
  1695 | D:3      | Killed Natasha
  1696 | D:3      | Reached skill level 3 in Polearms
  1811 | D:3      | Noticed Natasha
  1817 | D:3      | Killed Natasha
  1818 | D:3      | Reached XP level 5. HP: 36/49 MP: 1/5
  2019 | D:3      | Noticed Natasha
  2027 | D:3      | Killed Natasha
  2206 | D:3      | Found a runed translucent door.
  2212 | D:3      | Noticed Caterwaul's ghost (amateur HuMo)
  2273 | D:3      | Killed Caterwaul's ghost
  2274 | D:3      | Reached skill level 4 in Polearms
  2274 | D:3      | Reached XP level 6. HP: 48/57 MP: 4/6
  2467 | D:2      | Bought a potion of mutation for 104 gold pieces
  2472 | D:2      | Gained mutation: You are dopey. (Int -2) [potion of
                  | mutation]
  2472 | D:2      | Gained mutation: You expend magic power (3 MP) to
                  | strengthen your wands. [potion of mutation]
  2473 | D:2      | Lost mutation: You are dopey. (Int -2) [potion of mutation]
  2473 | D:2      | Lost mutation: You expend magic power (3 MP) to strengthen
                  | your wands. [potion of mutation]
  2473 | D:2      | Gained mutation: You are partially covered in iridescent
                  | scales. (AC +2) [potion of mutation]
  2557 | D:4      | Found a sparkling altar of Nemelex Xobeh.
  2603 | D:4      | Reached skill level 1 in Dodging
  2701 | D:4      | Found a sand-covered staircase.
  2707 | Ossuary  | Entered an ossuary
  2751 | Ossuary  | Reached XP level 7. HP: 61/63 MP: 7/7
  2775 | Ossuary  | Reached skill level 5 in Polearms
  3087 | Ossuary  | Reached skill level 6 in Polearms
  3087 | Ossuary  | Reached XP level 8. HP: 44/73 MP: 4/8
  3688 | D:4      | Identified the +1 ring mail of Hangman {+Inv rCorr Int+4
                  | Dex+2}
  4272 | D:4      | Found a white marble altar of Elyvilon.
  4448 | D:5      | Entered Level 5 of the Dungeon
  4499 | D:5      | Found an iron altar of Okawaru.
  4508 | D:5      | Found a shadowy altar of Dithmenos.
  4521 | D:5      | Became a worshipper of Warmaster Okawaru
  4835 | D:5      | Found a bloodstained altar of Trog.
  4837 | D:5      | Noticed a wizard
  4842 | D:5      | Killed a wizard
  4865 | D:5      | Reached skill level 7 in Polearms
  5001 | D:5      | Reached skill level 5 in Fighting
  5001 | D:5      | Reached skill level 5 in Armour
  5336 | D:5      | Identified the +10 dagger "Uguroo" {speed, rCorr}
  5356 | D:5      | Identified the +10 falchion of Patience {freeze, rC+ rN++
                  | Str-2 Int-2}
  5456 | D:6      | Noticed Edmund
  5475 | D:6      | Killed Edmund
  5475 | D:6      | Reached * piety under Okawaru
  5476 | D:6      | Reached XP level 9. HP: 77/81 MP: 7/9
  5503 | D:6      | Found a staircase to the Ecumenical Temple.
  5515 | D:6      | Reached skill level 8 in Polearms
  5597 | D:6      | Noticed Pikel
  5613 | D:6      | Killed Pikel
  5995 | D:6      | Reached ** piety under Okawaru
  6386 | D:7      | Reached skill level 9 in Polearms
  6522 | D:7      | Noticed Joseph
  6537 | D:7      | Killed Joseph
  6538 | D:7      | Reached XP level 10. HP: 48/91 MP: 5/10
  6546 | D:7      | Reached skill level 5 in Shields
  6834 | D:7      | Reached *** piety under Okawaru
  7031 | D:7      | Noticed a centaur warrior
  7052 | D:7      | Found a transporter.
  7164 | D:7      | Noticed an unseen horror
  7174 | D:7      | Noticed Menkaure
  7181 | D:7      | Killed Menkaure
  7314 | D:7      | Reached skill level 10 in Polearms
  7318 | D:7      | Found a snail-covered altar of Cheibriados.
  7326 | D:7      | Found a broken altar of Ashenzari.
  7481 | D:7      | Noticed Maggie
  7493 | D:7      | Killed Maggie
  7591 | D:7      | Found a transporter.
  7605 | D:7      | Found a snail-covered altar of Cheibriados.
  7606 | D:7      | Found Cheibriados's Comfort Zone.
  8178 | D:8      | Found a shimmering altar of Xom.
  8180 | D:8      | Reached **** piety under Okawaru
  8193 | D:8      | Noticed Psyche
  8342 | D:8      | Noticed a death drake
  8342 | D:8      | Noticed a red ugly thing
  8374 | D:8      | Found a staircase to the Lair.
  8383 | D:8      | Found a flagged portal.
  8389 | Bailey   | Entered a bailey
  8702 | Bailey   | Got the Precepts of the Coruscating Catacomb
  8705 | Bailey   | Noticed an orc knight
  8705 | Bailey   | Noticed an orc knight
  8723 | Bailey   | Killed an orc knight
  8724 | Bailey   | Reached skill level 11 in Polearms
  8724 | Bailey   | Reached XP level 11. HP: 21/100 MP: 2/11
  8731 | Bailey   | Slain by an orc knight

Illustrated notes

Levels and vault maps discovered:
D:1:      ldierk_walled_garden, layout_basic
D:2:      layout_rooms, serial_shops, nicolae_shop_window_shopping,
          serial_corexii_hall, chequers_hall_statues_corner_a,
          corexii_hall_statues_l, chequers_hall_statues_corner_a,
          corexii_hall_statues_x
D:3:      layout_basic, ebering_ghost_reflecting_pool, serial_corexii_hall,
          chequers_hall_statues_corner_a, corexii_hall_statues_i,
          kennysheep_flooded_box, minivault_19, uniq_natasha
D:4:      layout_layer_cave, lemuel_coloured_pillars_altar,
          lemuel_crystal_altar, nicolae_ossuary_entry_monument
D:5:      layout_gridville, trog_wizard, mainiacjoe_overflow_swirl
D:6:      layout_loops_ring, minmay_temple_entry_grid, uniq_edmund, uniq_pikel
D:7:      gammafunk_the_bubble [the_bubble_gammafunk_split], layout_basic,
          amethyst_overflow_temple_binary, minmay_shop_chei, uniq_menkaure,
          uniq_maggie, uniq_joseph
D:8:      lemuel_castle_with_subvaults [lemuel_castle_interior_carwin_3],
          layout_loops_ring, mainiacjoe_overflow_cross_hatched,
          erik_lair_orcish_takeover, enter_bailey_2, lightli_corner_chamber,
          uniq_psyche
Bailey:   bailey_axe_3, bailey

Skill      XL: |  1  2  3  4  5  6  7  8  9 10 |
---------------+-------------------------------+-----
Shields        | 3 4 6 |  6.0
Armour         | 3 4 5 6 |  6.8
Polearms       | 3 4 6 7 9 11 | 11.0
Dodging        | 1 2 3 |  3.5
Fighting       | 4 5 6 7 |  7.4

Action                     |  1- 3 |  4- 6 |  7- 9 | 10-12 || total
---------------------------+-------+-------+-------+-------++-------
  Melee: Trident           |    83 |    83 |   279 |   270 ||   715
 Invoke: Heroism           |       |       |       |     1 ||     1
Ability: Spit Poison       |     6 |     2 |    19 |    21 ||    48
    Use: Scroll            |     6 |     5 |    10 |     5 ||    26
         Potion            |       |     3 |       |     5 ||     8
 Armour: Scale mail        |    40 |    23 |    58 |       ||   121
         Ring mail         |       |       |    36 |   101 ||   137
  Dodge: Dodged            |    36 |    26 |    71 |    82 ||   215
  Block: Buckler           |    29 |    22 |    39 |       ||    90
         Kite shield       |       |       |    39 |   129 ||   168

Table legend: (Time is in decaauts)
 A = Elapsed time spent in this place.
 B = Non-inter-level travel time spent in this place.
 C = Inter-level travel time spent in this place.
 D = Time resting spent in this place.
 E = Time spent auto-exploring this place.
 F = Levels seen in this place.
 G = Mean time per level.
                   A        B        C        D        E       F      G
               +--------+--------+--------+--------+--------+-----+--------+
         Total |  11009 |  11009 |      0 |    289 |   7649 |  10 | 1100.9 |
       Dungeon |   9803 |   9803 |      0 |     71 |   7197 |   8 | 1225.4 |
       Ossuary |    847 |    847 |      0 |      0 |    435 |   1 |  847.0 |
        Bailey |    358 |    358 |      0 |    218 |     16 |   1 |  358.0 |
               +--------+--------+--------+--------+--------+-----+--------+

Top non-repeatable levels by time:
     D:7: 1985 daAuts
     D:4: 1644 daAuts
     D:3: 1299 daAuts
     D:5: 1278 daAuts
     D:6: 1191 daAuts
     D:2: 1059 daAuts
     D:1: 918 daAuts
 Ossuary: 847 daAuts
     D:8: 426 daAuts
  Bailey: 358 daAuts
